 Dungeon Crawl Stone Soup version 0.30.0-29-ga12c61a403 (webtiles) character file.

Game seed: 5664773960452181020

357 Nicoed the Changer (level 6, 0/85 HPs)
             Began as an Octopode Transmuter on June 25, 2023.
             Succumbed to a kobold brigand's curare-tipped dart
             ... in a sewer.
             The game lasted 00:05:52 (2933 turns).

Nicoed the Changer (Octopode Transmuter)            Turns: 2933, Time: 00:05:52

Health: 0/85       AC: 23    Str: 11    XL:     6   Next: 64%
Magic:  9/9        EV:  2    Int: 15    God:
Gold:   239        SH:  0    Dex: 13    Spells: 2/9 levels left

rFire   + .          .
                       - Unarmed
rCold   . . .        (no shield)
rNeg    . . .        (helmet currently unavailable)
rPois   +            (no amulet)
rElec   .            s - ring of protection from fire
rCorr   .            (no ring)
SInv    .            (no ring)
Will    .....        (no ring) Stlth
                     (no ring)
HPRegen 0.34/turn    (no ring)
MPRegen 0.11/turn    (no ring)
                     (no ring)

%: no passive effects
@: berserking, lethally poisoned (0 -> -6), tree-form, slowed, very slow
A: stationary, stasis, torment immunity, boosted hp, almost no armour,
(amphibious), 8 rings, (camouflage 1), (gelatinous body 1), (nimble swimmer 1),
(tentacles)
a: no special abilities


You were in a sewer.
You were a tree.
You visited 1 branch of the dungeon, and saw 4 of its levels.
You also visited: Sewer.

You collected 239 gold pieces.

Inventory:

Jewellery
 s - a ring of protection from fire (left branch)
Scrolls
 c - a scroll of brand weapon {unknown}
 d - 2 scrolls of poison {unknown}
 f - 3 scrolls of identify {unknown}
 g - a scroll of acquirement {unknown}
 h - a scroll of butterflies {unknown}
 j - a scroll of enchant armour {unknown}
 m - 3 scrolls of teleportation {unknown}
 n - a scroll of fog {unknown}
 p - a scroll of noise {unknown}
 q - a scroll of magic mapping {unknown}
 r - a scroll of vulnerability {unknown}
Potions
 b - 2 potions of mutation {unknown}
 e - a potion of curing {unknown}
 i - a potion of resistance {unknown}
 k - 2 potions of cancellation {unknown}
 l - 2 potions of berserk rage
 o - a potion of flight {unknown}
 t - a potion of might {unknown}


   Skills:
 - Level 1.0 Fighting
 - Level 2.0 Dodging
 - Level 3.0 Unarmed Combat
 - Level 2.0 Spellcasting
 + Level 6.0 Transmutations
 - Level 3.0 Ice Magic


You had 2 spell levels left.
You knew the following spells:

 Your Spells              Type           Power      Damage    Failure   Level
a - Beastly Appendage     Tmut           38%        N/A       1%          1
b - Wereblood             Tmut           19%        N/A       2%          2
c - Ice Form              Ice/Tmut       15%        N/A       34%         4

Your spell library contained the following spells:

 Spells                   Type           Power      Damage    Failure   Level
 Kiss of Death            Conj/Necr      4%         2d5       22%         1
 Sublimation of Blood     Necr           1%         N/A       32%         2
 Frozen Ramparts          Ice            20%        1d4       19%         3
 Spider Form              Tmut/Pois      10%        N/A       19%         3
 Confusing Touch          Hex            1%         N/A       54%         3
 Petrify                  Tmut/Erth      10%        N/A       54%         4
 Summon Ice Beast         Ice/Summ       6%         N/A       75%         4
 Irradiate                Conj/Tmut      5%         3d13      87%         5
 Dispel Undead            Necr           1%         3d6       91%         4


Dungeon Overview and Level Annotations

Branches:
Dungeon (4/15)              Sewer (1/1)
 Temple: D:4-7

Altars:
Qazlal
Yredelemnul

Shops:
D:2 (


Innate Abilities, Weirdness & Mutations

You are a tree.
Your roots penetrate the ground, keeping you stationary.
You cannot be teleported.
You are immune to unholy pain and torment.
Your maximum health is greatly increased.
You cannot wear most types of armour.
((You are amphibious.))
You can wear up to eight rings at the same time.
((Your skin changes colour to match your surroundings (Stealth+).))
((Your rubbery body absorbs attacks. (AC +1, EV +1)))
((You are camouflaged when in or above water. (Stealth+)))
((You have tentacles for arms and can constrict up to eight enemies at once.))


Message History

Casting: Beastly Appendage (safe; 1% risk of failure)
Press: ? - help, Q - select action, (/) - cycle Dir - look around, f - activate One of your tentacles grows a vicious spike.
The kobold brigand throws a curare-tipped dart.
The curare-tipped dart barely misses you.
The kobold brigand throws a curare-tipped dart.
The curare-tipped dart hits you.
You are poisoned.
You have difficulty breathing.
You feel yourself slow down.
You closely miss the rat. You grab the rat.
You pierce the rat.
You kill the rat!
You feel very sick.
The kobold brigand throws a curare-tipped dart.
The curare-tipped dart hits you.
You are lethally poisoned!
You have difficulty breathing.
You feel as though you will be slow longer.
You enter the shallow water.
* * * LOW HITPOINT WARNING * * *
You feel extremely sick.
Really quaff the potion of lignification?
Your tentacle spike disappears.
You turn into a tree.
Your roots penetrate the ground.
* * * LOW HITPOINT WARNING * * *
You feel very sick.
Unknown command.
It was a potion of berserk rage.
A red film seems to cover your vision as you go berserk!
You feel yourself moving faster!
You feel mighty!
* * * LOW HITPOINT WARNING * * *
You feel very sick.
Unknown command.
You hit the kobold brigand. You punch the kobold brigand!
The kobold brigand is severely wounded.
* * * LOW HITPOINT WARNING * * *
You feel sick.
The kobold brigand hits you but does no damage.
You pummel the kobold brigand!!
You kill the kobold brigand!
You die...

#...#
#.~~
#.~.#
#.~.
##~.~##
##~~.
#~~.~~#
#~~~~
#~###~#
#.### #~#
#~# #~# #
##.###~##
##~###
#~)~#~~~#
#~~~#.
#♣#~#~#†#
#~#~#~
#~#K#~#~#
#~#~#~
#~#~#~#~#
#~#~#~
#.#.#.#.#
#.#.#.
#########
######


There were no monsters in sight!

Vanquished Creatures
  A kobold brigand (Sewer)
  The ghost of kij the Trooper, a weakling MiBe of Trog (D:3)
  A hound (D:4)
  Crazy Yiuf (D:3)
  An orc priest (D:3)
  2 orc wizards
  4 adders
  A gnoll (D:1)
  A river rat (Sewer)
  3 worms
  A dart slug (D:3)
  17 orcs
  6 endoplasms
  5 giant cockroaches
  5 goblins
  10 hobgoblins
  3 jackals (D:2)
  3 quokkas
  7 ball pythons
  6 bats
  A frilled lizard (D:3)
  7 kobolds
  9 rats
96 creatures vanquished.

Notes
Turn   | Place    | Note
-------+----------+-------------------------------------------
     0 | D:1      | Nicoed the Octopode Transmuter began the quest for the Orb.
     0 | D:1      | Reached XP level 1. HP: 13/13 MP: 3/3
   149 | D:1      | Reached XP level 2. HP: 18/18 MP: 3/5
   153 | D:1      | Reached skill level 3 in Transmutations
   305 | D:1      | Reached XP level 3. HP: 23/23 MP: 4/6
   596 | D:1      | Learned a level 2 spell: Wereblood
   985 | D:2      | Identified the +7 sling of Koaghus {drain, rN+}
  1081 | D:2      | Found Nytodutu's Weapon Shoppe.
  1090 | D:2      | Reached skill level 4 in Transmutations
  1090 | D:2      | Reached XP level 4. HP: 22/28 MP: 5/7
  1150 | D:2      | Learned a level 4 spell: Ice Form
  1310 | D:2      | Found a basalt altar of Yredelemnul.
  1608 | D:3      | Reached skill level 1 in Ice Magic
  1832 | D:2      | Reached XP level 5. HP: 30/33 MP: 5/8
  1861 | D:3      | Reached skill level 5 in Transmutations
  2052 | D:3      | Found a runed translucent door.
  2053 | D:3      | Noticed Crazy Yiuf
  2216 | D:3      | Found a runed translucent door.
  2220 | D:3      | Noticed kij's ghost (weakling MiBe)
  2233 | D:3      | Killed kij's ghost
  2234 | D:3      | Reached XP level 6. HP: 38/38 MP: 6/9
  2426 | D:3      | Killed Crazy Yiuf
  2612 | D:4      | Found a stormy altar of Qazlal.
  2771 | D:4      | Found a glowing drain.
  2783 | Sewer    | Entered a sewer
  2887 | Sewer    | Reached skill level 6 in Transmutations
  2931 | Sewer    | HP: 3/85 [poisoned by a kobold brigand (curare-tipped
                  | dart)]
  2932 | Sewer    | HP: 1/85 [poisoned by a kobold brigand (curare-tipped
                  | dart)]
  2933 | Sewer    | Succumbed to a kobold brigand's curare-tipped dart

Illustrated notes

Levels and vault maps discovered:
D:1:      reono_arrival_forest_river, layout_loops_ring,
          chequers_serial_rivers_marsh
D:2:      layout_basic, basic_altar, serial_shops, shop
D:3:      layout_rooms, ebering_ghost_sewer_d, uniq_crazy_yiuf_cottage
D:4:      layout_gridville, mainiacjoe_overflow_six_doors_small,
          cheibrodos_sewer_entry_drain, serial_shops, shop
Sewer:    sewer_co_tree

Skill      XL: |  1  2  3  4  5  6 |
---------------+-------------------+-----
Transmutations | 3 4 5 6 |  6.0
Ice Magic      | 1 2 3 |  3.0
Fighting       | |  1.0
Dodging        | |  2.0
Unarmed Combat | |  3.0
Spellcasting   | |  2.0

Action                     |  1- 3 |  4- 6 || total
---------------------------+-------+-------++-------
  Melee: Unarmed           |    77 |   119 ||   196
         Constrict         |    24 |    33 ||    57
         Kick              |    16 |    45 ||    61
         Tentacles         |    10 |    20 ||    30
         Punch             |     1 |     5 ||     6
   Cast: Beastly Appendage |    21 |    26 ||    47
         Wereblood         |       |     7 ||     7
    Use: Potion            |       |     2 ||     2
   Stab: Sleeping          |     3 |    12 ||    15
 Armour: Skin              |     8 |     3 ||    11
  Dodge: Dodged            |    44 |    62 ||   106
